 Dungeon Crawl Stone Soup version 0.18.1-50-g88ac8fd (webtiles) character file.

221 Gargoyl the Agent of Entropy (level 5, -4/42 HPs)
             Began as a Demonspawn Abyssal Knight on Oct 15, 2016.
             Was a Priest of Lugonu.
             Slain by an ogre
             ... wielding a +0 giant spiked club
              (13 damage)
             ... on level 3 of the Dungeon.
             The game lasted 00:10:05 (3798 turns).

Gargoyl the Agent of Entropy (DsAK)                 Turns: 3798, Time: 00:10:06

Health: -4/42      AC: 12    Str: 14    XL:     5   Next: 65%
Magic:  8/8        EV:  9    Int: 13    God:    Lugonu [***...]
Gold:   184        SH:  0    Dex: 12    Spells: 0 memorised, 4 levels left

rFire  . . .     SeeInvis .     q - +2 war axe (venom)
rCold  . . .     Gourm    .     s - +0 chain mail
rNeg   . . .     Faith    .     (no shield)
rPois  .         Spirit   .     (no helmet)
rElec  .         Dismiss  .     k - +0 cloak
rCorr  .         Reflect  .     d - +0 pair of gloves
SustAt .         Harm     .     i - +0 pair of boots
MR     .....                    (no amulet)
Stlth  ..........               (no ring)
                                (no ring)

@: about to teleport, not resistant to hostile enchantments, extremely
unstealthy
A: repulsion field 1
a: Depart the Abyss, Bend Space, Banish, Renounce Religion


You were on level 3 of the Dungeon.
You worshipped Lugonu.
Lugonu was most pleased with you.
You were not hungry.

You visited 1 branch of the dungeon, and saw 4 of its levels.
You visited the Abyss 1 time.

You collected 184 gold pieces.

Inventory:

Hand Weapons
 a - a +1 hand axe
 e - a +1 broad axe
 q - a +2 war axe of venom (weapon)
Armour
 d - a +0 pair of gloves (worn)
 i - a +0 pair of boots (worn)
 k - a +0 cloak (worn)
 s - a +0 chain mail (worn)
Scrolls
 p - a scroll of remove curse
Potions
 b - a potion of degeneration {unknown}
 g - a potion of invisibility
 h - a potion of curing {unknown}
 m - a potion of heal wounds {unknown}
 o - 2 potions of might
 r - a potion of flight {unknown}
Comestibles
 c - a bread ration
 f - 4 meat rations
 j - a royal jelly
 n - 4 chunks of flesh


   Skills:
 + Level 3.7 Fighting
 + Level 2.6 Axes
 * Level 3.1 Armour
 + Level 2.3 Dodging
 * Level 4.1 Invocations


You had 4 spell levels left.
You didn't know any spells.

Dungeon Overview and Level Annotations

Branches:
Dungeon (4/15)
 Temple: D:4-7

Altars:


Innate Abilities, Weirdness & Mutations

You are surrounded by a mild repulsion field (EV +2).


Message History

An ogre comes into view. It is wielding a giant spiked club.
The ogre shouts!
Found a scroll of identify.
Found a stone staircase leading down.
A scorpion comes into view.
A quokka comes into view.
There is a stone staircase leading up here.
You closely miss the ogre.
The ogre hits you with a giant spiked club!
The ogre hits you with a giant spiked club!
* * * LOW HITPOINT WARNING * * *
The quokka bites you but does no damage.
You climb upwards.
There is a stone staircase leading down here.
Drink which item? (? for menu, Esc to quit)
Okay, then.
Read which item? (? for menu, Esc to quit)
As you read the scroll of teleportation, it crumbles to dust.
You feel strangely unstable. The quokka closely misses you.
The ogre hits you with a giant spiked club!
You die...

#############
#...........######
...............O@#
#...........####r#
###.######### #.#
#.# #.#
###'############.#
#..............#.#
...............#.#
...............#.#
....รท..........#.#


You could see an ogre and a quokka.

Vanquished Creatures
  An orc wizard (D:3)
  Jessica (D:3)
  Ijyb (D:3)
  3 gnolls (D:3)
  2 adders (D:2)
  2 worms (D:2)
  A dart slug (D:3)
  3 giant geckos
  7 orcs (D:3)
  A ball python (D:2)
  3 giant cockroaches
  10 goblins
  12 hobgoblins
  10 kobolds
  12 bats
  4 giant newts
  10 rats
83 creatures vanquished.

Notes
Turn   | Place    | Note
--------------------------------------------------------------
     0 | Abyss:1  | Gargoyl the Demonspawn Abyssal Knight began the quest for the Orb.
     0 | Abyss:1  | Reached XP level 1. HP: 18/18 MP: 2/2
    50 | Abyss:2  | Noticed a smoke demon
    77 | Abyss:2  | Found a blossoming altar of Fedhas.
    85 | Abyss:3  | Noticed a bone dragon
   100 | D:1      | Escaped the Abyss
   229 | D:1      | Reached skill level 1 in Dodging
   233 | D:1      | Reached * piety under Lugonu
   233 | D:1      | Gained mutation: You are surrounded by a mild repulsion field (EV +2). [demonic ancestry]
   233 | D:1      | Reached XP level 2. HP: 14/24 MP: 4/4
  1236 | D:2      | Reached XP level 3. HP: 29/29 MP: 5/5
  1386 | D:2      | Reached skill level 3 in Invocations
  1564 | D:2      | Reached ** piety under Lugonu
  2033 | D:2      | Reached XP level 4. HP: 21/35 MP: 6/6
  2310 | D:3      | Noticed Ijyb
  2653 | D:3      | Reached XP level 5. HP: 30/41 MP: 7/7
  2661 | D:3      | Killed Ijyb
  2661 | D:3      | Reached skill level 4 in Invocations
  2753 | D:3      | Noticed Jessica
  2759 | D:3      | Killed Jessica
  3449 | D:3      | Reached *** piety under Lugonu
  3789 | D:4      | Noticed an ogre
  3798 | D:3      | Slain by an ogre

Skill      XL: |  1  2  3  4  5 |
---------------+----------------+-----
Dodging        | 1 2 |  2.3
Armour         | 2 3 |  3.1
Axes           | 2 |  2.6
Invocations    | 3 4 |  4.1
Fighting       | |  3.7

Action                   |  1- 3 |  4- 6 || total
-------------------------+-------+-------++-------
Melee: Broad axe         |   177 |    67 ||   244
       War axe           |       |    49 ||    49
Invok: Depart the Abyss  |     1 |       ||     1
  Use: Scroll            |       |     9 ||     9
       Potion            |       |     4 ||     4
 Stab: Invisible         |       |     1 ||     1
  Eat: Chunk             |     4 |     7 ||    11
Armor: Leather armour    |    34 |       ||    34
       Scale mail        |    59 |    15 ||    74
       Chain mail        |       |    88 ||    88
Dodge: Dodged            |   172 |    71 ||   243
